 Dungeon Crawl Stone Soup version 0.21.1-1-g345015f (webtiles) character file.

60023 DerpDerpDeluxe the Warrior (level 14, -25/144 HPs)
             Began as a Minotaur Berserker on Feb 5, 2018.
             Was an Elder of Trog.
             Killed from afar by an orc sorcerer (35 damage)
             ... with a bolt of negative energy
             ... led by an orc knight
             ... on level 1 of the Orcish Mines on Feb 18, 2018.
             The game lasted 06:04:53 (29944 turns).

DerpDerpDeluxe the Warrior (Minotaur Berserker)    Turns: 29944, Time: 06:04:54

Health: -25/144    AC: 22    Str: 29    XL:     14   Next: 55%
Magic:  13/13      EV: 10    Int:  4    God:    Trog [****..]
Gold:   1804       SH:  6    Dex: 11    Spells: 13/13 levels left

rFire    . . .     SeeInvis .   I - +6 flail (crush)
rCold    . . .     Gourm    .   K - +0 buckler
rNeg     . . .     Faith    .   E - +3 plate armour
rPois    .         Spirit   .   (helmet restricted)
rElec    .         Reflect  .   F - +0 cloak
rCorr    +         Harm     .   j - +0 pair of gloves {Str+3}
MR       ++...                  (no boots)
Stlth    ..........             (no amulet)
HPRegen  0.34/turn              M - ring of resist corrosion
MPRegen  0.13/turn              B - ring of protection from magic

@: lethally poisoned (-25 -> -26), slowed, drained, very slow
A: retaliatory headbutt, horns 2
a: Berserk, Trog's Hand, Brothers in Arms, Burn Spellbooks, Renounce Religion


You were on level 1 of the Orcish Mines.
You worshipped Trog.
Trog was greatly pleased with you.
You were not hungry.

You visited 6 branches of the dungeon, and saw 24 of its levels.

You collected 1908 gold pieces.
You spent 104 gold pieces at shops.

Inventory:

Hand Weapons
 a - a +0 mace
 h - a +2 dire flail
 t - a +0 blowgun
 H - a +0 whip of flaming
 I - a +6 flail of crushing (weapon)
 Y - a +2 great mace of protection
Missiles
 i - 98 poisoned needles
 q - 4 silver javelins (quivered)
 r - 7 needles of confusion
 x - 33 tomahawks
 L - 5 javelins
Armour
 b - +0 steam dragon scales
 j - a +0 pair of gloves of strength (worn)
 E - a +3 plate armour (worn)
 F - a +0 cloak (worn)
 K - a +0 buckler (worn)
 Z - a +1 troll leather armour {Snorg}
Jewellery
 g - an uncursed ring of see invisible
 s - the ring "Piwiseph" {Wiz rC+ MP+9}
   (You found it on level 4 of the Lair of Beasts)

   [ring of wizardry]

   It improves your spell success rate.
   It protects you from cold.
   It affects your magic capacity (+9).
 v - the ring "Nolarasu" {Int+3 Stlth+}
   (You found it on level 6 of the Lair of Beasts)

   [ring of stealth]

   It affects your intelligence (+3).
   It makes you more stealthy.
 A - a +5 ring of intelligence
 B - a ring of protection from magic (right hand)
 J - an uncursed ring of stealth
 M - a ring of resist corrosion (left hand)
 X - the ring "Saca" {Wiz +Fly rF- Int+4}
   (You found it on level 6 of the Lair of Beasts)

   [ring of wizardry]

   It improves your spell success rate.
   It affects your intelligence (+4).
   It makes you vulnerable to fire.
   It lets you fly.
Wands
 N - a wand of iceblast (30)
 O - a wand of polymorph (18)
 R - a wand of random effects (69)
 T - a wand of scattershot (9)
 W - a wand of flame (77)
Scrolls
 w - 6 scrolls of remove curse
 C - a scroll of teleportation
 D - 5 scrolls of immolation
 G - a scroll of brand weapon
 P - a scroll of fear
 S - a scroll of fog
 U - a scroll of torment
Potions
 d - a potion of lignification
 e - a potion of curing
 k - a potion of might
 l - a potion of invisibility
 p - a potion of resistance
 u - 2 potions of agility
 z - 3 potions of magic
 Q - a potion of mutation
Books
 o - the Reference Book on Fiery Orientation
   (You found it on level 10 of the Dungeon)

   Spells                             Type                      Level
   a - Apportation                    Translocation                1
   b - Inner Flame                    Hexes/Fire                   3
   c - Teleport Other                 Translocation                3
   d - Bolt of Magma                  Conjuration/Fire/Earth       5
   e - Ring of Flames                 Charms/Fire                  7
   Trog disapproves of the use of such an item.
Comestibles
 c - 22 rations


   Skills:
 + Level 18.8(17.9) Fighting
 * Level 13.1(12.3) Maces & Flails
 - Level 5.6(4.9) Throwing
 * Level 14.8(13.9) Armour
 + Level 4.2(3.5) Dodging
 - Level 2.5(1.9) Stealth
 - Level 9.4(8.7) Shields


You had 13 spell levels left.
You didn't know any spells.

Dungeon Overview and Level Annotations

Branches:
Dungeon (13/15)            Temple (1/1) D:4            Lair (6/6) D:8
  Swamp (1/4) Lair:2       Spider (0/4) Lair:3        Slime (1/5) Lair:6
    Orc (2/2) D:12
    Elf: Orc:2       Vaults: D:13-14

Altars:
Ashenzari
Cheibriados
Dithmenos
Elyvilon
Fedhas
Gozag
Hepliaklqana
Kikubaaqudgha
Makhleb
Nemelex Xobeh
Okawaru
Qazlal
Ru
Sif Muna
Trog
Uskayaw
Vehumet
Wu Jian
Xom
Yredelemnul
Zin
The Shining One
Beogh

Shops:
D:3 *   D:7 (   D:11 !   Orc:1 !

Annotations:
Orc:2 Sonja


Innate Abilities, Weirdness & Mutations

You reflexively headbutt those who attack you in melee.
You have a pair of horns on your head.


Message History

You feel sick.
You feel sick.
You feel sick.
You feel sick.
You feel sick.
You feel sick. The orc sorcerer casts a spell at you.
You resist with almost no effort.
You feel sick.
Throwing (i - inventory. (,) - cycle):
q - 5 silver javelins (quivered)
Press: ? - help, Shift-Dir - straight line, f - orc sorcerer
Aim: an orc sorcerer, wielding a dagger and wearing a robe You throw a silver javelin.
The silver javelin completely misses the orc sorcerer.
The orc sorcerer casts a spell at you. The bolt of fire hits you!
* * * LOW HITPOINT WARNING * * *
The orc sorcerer points at you and mumbles some strange words.
The bolt of negative energy hits you!
You feel drained.
You die...

##.#...####......##)...)..
#####..#.##...[.(##.......
##.##......##....#.........
#..........##..............
##.##.#.......o..........[)
#######......C........[[>)
#...#.##.#.......))[
#....#####..........
##.@##.##...........
####.....[.[...[...
#..........#.#...
##.#.##.###.###..
#########....##. ##......
###.##. ##### ####


You could see an ettin and an orc sorcerer.

Vanquished Creatures
  Snorg (Lair:3)
  The ghost of SmSkdm the Martial Artist, a journeyman GnTm of Wu Jian (Orc:1)
  Fannar (Orc:1)
  A centaur warrior (D:10)
  8 hydras
  5 two-headed ogres
  2 unseen horrors (D:10)
  Pikel (D:8)
  An orc knight (Orc:2)
  2 ugly things (D:11)
  An oklob plant (Lair:6)
  A cyclops (D:11)
  10 elephants
  3 manticores (Lair:5)
  A centaur zombie (D:10)
  2 black mambas (Lair:5)
  8 spiny frogs
  Maurice (D:10)
  A gargoyle (D:10)
  4 rime drakes
  5 komodo dragons
  A kobold demonologist (D:11)
  4 trolls
  4 polar bears
  2 meliai (Lair:5)
  A queen bee (Lair:5)
  5 hornets (Lair:6)
  4 blink frogs (Lair:4)
  8 hippogriffs
  Grinder (D:3)
  3 dream sheep (Lair:6)
  Sigmund (D:3)
  A wyvern (Lair:2)
  20 yaks
  A redback (Lair:3)
  14 spriggans (Lair:6)
  A hungry ghost (D:10)
  3 basilisks
  2 steam dragons
  2 wargs
  Edmund (D:6)
  10 water moccasins
  7 porcupines
  20 orc warriors
  4 black bears
  A hornet zombie (D:10)
  2 ice beasts
  9 ogres
  4 phantoms
  3 boggarts (Lair:6)
  10 centaurs
  17 wolves
  A necrophage (D:8)
  11 crocodiles
  12 bullfrogs
  12 big kobolds
  3 scorpions
  31 killer bees
  11 wights
  A howler monkey (D:7)
  4 crimson imps
  A bullfrog zombie (D:5)
  3 hounds
  4 jellies
  3 bullfrog skeletons
  13 orc priests
  19 orc wizards
  A gnoll shaman (Orc:1)
  2 centaur skeletons
  5 iguanas
  Natasha (thrice) (D:3)
  7 worker ants
  A killer bee zombie (D:6)
  A mummy (D:8)
  A hound skeleton (D:8)
  A worker ant zombie (D:8)
  8 gnolls
  13 adders
  2 shadow imps
  4 oozes (Lair:6)
  2 adder skeletons (D:4)
  4 worms
  4 dart slugs
  4 leopard geckos
  83 orcs
  A ball python (D:2)
  6 bats
  3 giant cockroaches
  6 goblins
  11 hobgoblins
  6 jackals
  20 kobolds
  8 quokkas
  6 frilled lizards
  A jackal zombie (D:7)
  A quokka skeleton (D:4)
  A quokka zombie (D:8)
  7 rats
  4 fungi
  15 plants
  4 withered plants (D:8)
601 creatures vanquished.

Vanquished Creatures (collateral kills)
  An orc warlord (Orc:1)
  The ghost of dylex the Unseen, a journeyman OpAs of Dithmenos (D:12)
  4 hydras
  An ogre mage (Orc:2)
  Urug (D:11)
  2 orc sorcerers (Orc:1)
  2 oklob plants (Lair:6)
  An elephant (Lair:5)
  2 spiny frogs (Lair:6)
  2 rime drakes (Lair:5)
  A meliai (Lair:5)
  A hippogriff (Lair:5)
  A wyvern (D:10)
  A water moccasin (Lair:5)
  4 orc warriors
  A phantom (D:10)
  A wolf (Lair:5)
  An ogre (Orc:1)
  3 centaurs
  A crocodile (Lair:2)
  4 killer bees
  8 wights
  A howler monkey (D:10)
  A crimson imp (D:10)
  A bullfrog zombie (D:10)
  A hound (D:10)
  An orc priest (D:9)
  An orc wizard (Orc:1)
  A worker ant (D:11)
  16 orcs
  A jackal (D:11)
  2 plants
70 creatures vanquished.

Vanquished Creatures (others)
  A crocodile (Lair:2)
  A centaur zombie (D:8)
  An orc priest (Orc:2)
  17 fungi
  11 plants
31 creatures vanquished.

Grand Total: 702 creatures vanquished

Notes
Turn   | Place    | Note
-------+----------+-------------------------------------------
     0 | D:1      | DerpDerpDeluxe the Minotaur Berserker began the quest for the Orb.
     0 | D:1      | Reached XP level 1. HP: 19/19 MP: 0/0
    53 | D:1      | Found a snail-covered altar of Cheibriados.
   257 | D:1      | Upgraded the game from 0.21.1 to 0.21.1-1-g345015f
   297 | D:1      | Reached skill level 4 in Fighting
   345 | D:1      | Reached XP level 2. HP: 27/27 MP: 1/1
  1312 | D:1      | Reached XP level 3. HP: 20/34 MP: 2/2
  1495 | D:1      | Reached skill level 5 in Fighting
  1643 | D:2      | Reached XP level 4. HP: 40/42 MP: 3/3
  1675 | D:2      | Reached ** piety under Trog
  2419 | D:2      | Found a blossoming altar of Fedhas.
  2616 | D:3      | Found a burning altar of Makhleb.
  2698 | D:3      | Noticed Natasha
  2707 | D:3      | Killed Natasha
  2707 | D:3      | Reached skill level 6 in Fighting
  2707 | D:3      | Reached XP level 5. HP: 50/50 MP: 4/4
  2770 | D:3      | Found Gozag's Platinum Reserve.
  2790 | D:3      | Found an opulent altar of Gozag.
  2834 | D:3      | Noticed Sigmund
  2840 | D:3      | Noticed Natasha
  2847 | D:3      | Killed Natasha
  2847 | D:3      | Reached skill level 1 in Throwing
  2873 | D:3      | Killed Sigmund
  2873 | D:3      | Reached XP level 6. HP: 39/58 MP: 5/5
  3026 | D:3      | Noticed Natasha
  3104 | D:3      | Killed Natasha
  3133 | D:3      | Noticed Grinder
  3305 | D:3      | Paralysed by Grinder for 3 turns
  3436 | D:3      | Killed Grinder
  3436 | D:3      | Reached skill level 5 in Armour
  3436 | D:3      | Reached XP level 7. HP: 64/64 MP: 6/6
  3875 | D:4      | Found a sparkling altar of Nemelex Xobeh.
  4026 | D:4      | Reached *** piety under Trog
  4135 | D:4      | Found a staircase to the Ecumenical Temple.
  4141 | Temple   | Entered the Ecumenical Temple
  4365 | D:5      | Entered Level 5 of the Dungeon
  4567 | D:5      | Reached skill level 7 in Fighting
  4852 | D:5      | Got an opalescent robe
  5681 | D:6      | Reached XP level 8. HP: 71/74 MP: 7/7
  5907 | D:6      | Noticed Edmund
  5911 | D:6      | Killed Edmund
  5911 | D:6      | Reached skill level 8 in Fighting
  5911 | D:6      | Reached skill level 5 in Throwing
  5911 | D:6      | Reached skill level 1 in Stealth
  6027 | D:6      | Received a gift from Trog
  6529 | D:7      | Found a sacrificial altar of Ru.
  6691 | D:7      | Got a distressingly furry hat
  6808 | D:7      | Found Feeppys's Antique Weapon Shop.
  7168 | D:8      | Found a staircase to the Lair.
  7174 | D:8      | Reached skill level 5 in Maces & Flails
  7465 | D:8      | Reached skill level 1 in Shields
  8217 | D:8      | Reached skill level 9 in Fighting
  8217 | D:8      | Reached XP level 9. HP: 83/83 MP: 8/8
  8244 | Lair:1   | Entered Level 1 of the Lair of Beasts
  8368 | D:8      | Noticed Pikel
  8376 | D:8      | Killed Pikel
  8440 | D:8      | Found a deep blue altar of Sif Muna.
  8440 | D:8      | Found a hazy altar of Hepliaklqana.
  8609 | D:8      | Reached skill level 10 in Fighting
  8717 | D:8      | Found a snail-covered altar of Cheibriados.
  9084 | Lair:1   | Noticed a six-headed hydra
  9085 | Lair:1   | Reached **** piety under Trog
  9476 | D:9      | Reached skill level 11 in Fighting
  9495 | D:9      | Found an ancient bone altar of Kikubaaqudgha.
 10578 | Lair:1   | Killed a six-headed hydra
 10578 | Lair:1   | Reached skill level 12 in Fighting
 10578 | Lair:1   | Reached XP level 10. HP: 97/97 MP: 9/9
 11788 | Lair:2   | Found a staircase to the Swamp.
 11827 | Lair:2   | Reached skill level 13 in Fighting
 12144 | Lair:2   | Noticed a swamp dragon
 12175 | Lair:3   | Noticed a spiny frog
 12179 | Lair:3   | Reached skill level 10 in Armour
 12184 | Lair:3   | Killed a spiny frog
 12622 | Swamp:1  | Entered Level 1 of the Swamp
 12622 | Swamp:1  | Noticed a spiny frog
 12705 | Lair:3   | Noticed a seven-headed hydra
 12711 | Lair:3   | Killed a seven-headed hydra
 12831 | Lair:3   | Found a hole to the Spider Nest.
 13211 | Lair:3   | Reached skill level 14 in Fighting
 13238 | Lair:3   | Reached XP level 11. HP: 39/110 MP: 10/10
 14371 | Lair:3   | Received a gift from Trog
 14562 | Lair:3   | Noticed Snorg
 14582 | Lair:3   | Killed Snorg
 14582 | Lair:3   | Reached skill level 15 in Fighting
 15602 | Lair:4   | Got a transparent silver ring
 15876 | Lair:4   | Reached skill level 16 in Fighting
 16444 | Lair:5   | Reached XP level 12. HP: 122/122 MP: 11/11
 16479 | Lair:5   | Reached skill level 5 in Shields
 16665 | Lair:5   | Noticed a six-headed hydra
 16816 | Lair:4   | Killed a six-headed hydra
 17202 | Lair:5   | Identified the ring "Piwiseph" {Wiz rC+ MP+9} (You found it on level 4 of the Lair of Beasts)
 17219 | Lair:5   | Noticed an eight-headed hydra
 17523 | Lair:5   | Killed an eight-headed hydra
 17785 | Lair:5   | Noticed an eight-headed hydra
 17810 | Lair:5   | Killed an eight-headed hydra
 18444 | Lair:5   | Reached skill level 10 in Maces & Flails
 19070 | D:10     | Entered Level 10 of the Dungeon
 19700 | D:10     | Noticed a centaur warrior
 19713 | D:10     | Killed a centaur warrior
 19807 | D:10     | Identified the Reference Book on Fiery Orientation
 19823 | D:10     | Noticed a two-headed ogre
 19831 | D:10     | Killed a two-headed ogre
 19867 | D:10     | Reached XP level 13. HP: 117/130 MP: 12/12
 19929 | D:10     | Reached skill level 17 in Fighting
 20234 | D:10     | Noticed Maurice
 20254 | D:10     | Killed Maurice
 20349 | D:10     | Found an opulent altar of Gozag.
 21711 | Lair:5   | Found an opulent altar of Gozag.
 22028 | Lair:6   | Entered Level 6 of the Lair of Beasts
 22424 | Lair:6   | Found a staircase to the Slime Pits.
 23253 | Lair:6   | Reached ***** piety under Trog
 23387 | Lair:6   | Reached skill level 18 in Fighting
 24026 | Lair:6   | Reached XP level 14. HP: 131/143 MP: 13/13
 24501 | Slime:1  | Entered Level 1 of the Pits of Slime
 25640 | D:11     | Found a shattered altar of Ashenzari.
 25761 | D:11     | Noticed Urug
 25775 | D:11     | Killed Urug
 25933 | D:11     | Received a gift from Trog
 26255 | D:11     | Found Becomoy's Distillery.
 26627 | D:12     | Noticed dylex's ghost (journeyman OpAs)
 26639 | D:12     | Killed dylex's ghost
 26805 | D:12     | Found a staircase to the Orcish Mines.
 26821 | D:12     | Found a roughly hewn altar of Beogh.
 27380 | Lair:6   | Identified a scroll of acquirement
 27590 | Lair:6   | Got a sparkling lapis lazuli ring
 27597 | Lair:6   | Got a crude bronze ring
 27600 | Lair:6   | Identified the ring "Saca" {Wiz +Fly rF- Int+4} (You found it on level 6 of the Lair of Beasts)
 27602 | Lair:6   | Identified the ring "Nolarasu" {Int+3 Stlth+} (You found it on level 6 of the Lair of Beasts)
 27865 | Orc:1    | Entered Level 1 of the Orcish Mines
 27865 | Orc:1    | Found Rocatimm's Distillery.
 28087 | Orc:1    | Bought a potion of mutation for 104 gold pieces
 28162 | Orc:1    | Noticed SmSkdm's ghost (journeyman GnTm)
 28165 | Orc:1    | Killed SmSkdm's ghost
 28318 | Orc:1    | Noticed Fannar
 28339 | Orc:1    | Killed Fannar
 28525 | Orc:1    | Noticed an orc warlord
 28633 | Orc:1    | Received a gift from Trog
 28685 | Orc:1    | Killed an orc warlord
 28989 | Orc:2    | Entered Level 2 of the Orcish Mines
 29515 | Orc:2    | Received a gift from Trog
 29672 | Orc:2    | Noticed Sonja
 29944 | Orc:1    | Killed from afar by an orc sorcerer

Skill      XL: |  1  2  3  4  5  6  7  8  9 10 11 12 13 14 |
---------------+-------------------------------------------+-----
Fighting       | 4 5 6 7 9 12 14 16 18 | 18.8
Maces & Flails | 4 5 6 7 11 12 13 | 13.1
Throwing       | 2 3 4 5 |  5.6
Armour         | 4 5 6 9 10 11 13 14 | 14.8
Stealth        | 2 |  2.5
Dodging        | 3 4 |  4.2
Shields        | 1 4 9 |  9.4

Action                   |  1- 3 |  4- 6 |  7- 9 | 10-12 | 13-15 || total
-------------------------+-------+-------+-------+-------+-------++-------
Melee: Mace              |    61 |   111 |    93 |       |       ||   265
       Headbutt          |     5 |    23 |    84 |   166 |   134 ||   412
       Flail             |       |       |   226 |   511 |   659 ||  1396
       Whip              |       |       |     3 |   143 |       ||   146
 Fire: Blowgun           |       |       |       |       |     5 ||     5
Throw: Stone             |       |       |     9 |       |       ||     9
       Tomahawk          |       |       |    35 |    76 |    36 ||   147
       Javelin           |       |       |       |    16 |    41 ||    57
Invok: Berserk           |     2 |     5 |    13 |    21 |    14 ||    55
       Trog's Hand       |       |     2 |     3 |     1 |     2 ||     8
       Burn Spellbooks   |       |       |     2 |       |     2 ||     4
       Brothers in Arms  |       |       |     2 |     6 |    13 ||    21
Evoke: Wand              |       |       |       |     2 |     7 ||     9
  Use: Scroll            |     1 |     8 |     9 |     8 |    19 ||    45
       Potion            |       |     4 |     1 |     8 |     3 ||    16
 Stab: Distracted        |       |       |       |       |     1 ||     1
  Eat: Chunk             |     4 |     8 |    25 |    21 |    27 ||    85
       Ration            |       |     1 |     3 |    11 |     7 ||    22
Armor: Animal skin       |     4 |       |       |       |       ||     4
       Chain mail        |    17 |    52 |    44 |       |       ||   113
       Plate armour      |       |       |   104 |   449 |   374 ||   927
Dodge: Dodged            |    35 |    42 |   157 |   268 |   270 ||   772
Block: Buckler           |       |       |    14 |   163 |   191 ||   368
